 Dungeon Crawl Stone Soup version 0.30.0-5-g1a98f26d00 (webtiles) character file.

Game seed: 7452057429931293801

47 Inkenn the Shield-Bearer (level 3, -6/29 HPs)
             Began as a Demonspawn Fighter on May 8, 2023.
             Mangled by an orc
             ... wielding a +1 hand axe of electrocution
              (14 damage)
             ... on level 3 of the Dungeon.
             The game lasted 00:01:45 (1285 turns).

Inkenn the Shield-Bearer (Demonspawn Fighter)       Turns: 1285, Time: 00:01:46

Health: -6/29      AC:  8    Str: 18    XL:     3   Next: 48%
Magic:  3/3        EV:  9    Int:  9    God:
Gold:   93         SH:  4    Dex: 12    Spells: 2/2 levels left

rFire   . . .        a - +0 rapier
rCold   . . .        c - +0 buckler
rNeg    . . .        b - +0 scale mail
rPois   .            (helmet restricted)
rElec   .            q - +0 cloak
rCorr   .            (no gloves)
SInv    .            (no boots)
Will    .....        (no amulet) Stlth
                     p - ring of flight
HPRegen 0.24/turn    (no ring)
MPRegen 0.08/turn

%: no passive effects
@: flying
A: antennae 1, powered by death 1
a: no special abilities


You were on level 3 of the Dungeon.
You visited 1 branch of the dungeon, and saw 3 of its levels.

You collected 93 gold pieces.

Inventory:

Hand Weapons
 a - a +0 rapier (weapon)
Armour
 b - a +0 scale mail (worn)
 c - a +0 buckler (worn)
 q - a +0 cloak (worn)
Jewellery
 l - a ring of ice
 p - a ring of flight (left hand)
Scrolls
 e - 2 scrolls of noise {unknown}
 f - 3 scrolls of identify {unknown}
 g - a scroll of torment {unknown}
 h - a scroll of teleportation {unknown}
 n - 3 scrolls of immolation {unknown}
 s - a scroll of enchant armour {unknown}
Potions
 d - a potion of might
 i - 2 potions of resistance {unknown}
 j - 2 potions of cancellation {unknown}
 k - 2 potions of lignification {unknown}
 m - a potion of degeneration {unknown}
 o - a potion of flight {unknown}
 r - 2 potions of mutation {unknown}


   Skills:
 - Level 3.0 Fighting
 + Level 2.5 Short Blades
 + Level 3.2 Armour
 + Level 3.2 Shields


You had 2 spell levels left.
You didn't know any spells.
Your spell library was empty.

Dungeon Overview and Level Annotations

Branches:
Dungeon (3/15)

Altars:
Hepliaklqana

Shops:
D:1 ?


Innate Abilities, Weirdness & Mutations

You have a pair of small antennae on your head.
You regenerate a little health from kills.


Message History

There is a stone staircase leading up here.
Done exploring.
Done exploring.
Done exploring.
No target in view!
No target in view!
No target in view!
No target in view!
There are no items here.
Things that are here:
a ball python skeleton; a ball python skeleton
There is an open door here.
There is a stone staircase leading down here.
You fly downwards.
There is a stone staircase leading up here.
No target in view!
No target in view!
No target in view!
No target in view!
An orc and a goblin come into view.
The orc is wielding a +1 hand axe of electrocution.
The orc shouts!
The goblin shouts!
You hear a shout!
There are monsters nearby!
There are monsters nearby!
There are monsters nearby!
There are monsters nearby!
You hit the orc but do no damage.
The orc hits you with a +1 hand axe of electrocution.
You are electrocuted!
You are too injured to fight recklessly!
You are too injured to fight recklessly!
You are too injured to fight recklessly!
You are too injured to fight recklessly!
You are too injured to fight recklessly!
You hit the orc.
The orc is heavily wounded.
The orc hits you with a +1 hand axe of electrocution.
* * * LOW HITPOINT WARNING * * *
You are electrocuted!
You die...

..+.# .# .#..
....# ...
....#
#.###.#.### #
#.........
#.#...#....
#.<..#..##.#.#
##.#.#.o......
#....@#
#.g.### #.#.#
...#.#
...#.#.#
....#.#.# ...
#.# .. ...


You could see an orc and a goblin.

Vanquished Creatures
  A worm (D:2)
  3 dart slugs (D:2)
  4 ball pythons
  2 bats
  3 endoplasms
  2 giant cockroaches
  3 goblins
  5 hobgoblins
  A frilled lizard (D:2)
  6 kobolds
  8 rats
38 creatures vanquished.

Notes
Turn   | Place    | Note
-------+----------+-------------------------------------------
     0 | D:1      | Inkenn the Demonspawn Fighter began the quest for the Orb.
     0 | D:1      | Reached XP level 1. HP: 18/18 MP: 1/1
     4 | D:1      | Noticed a draconian
     4 | D:1      | Noticed a formicid
     6 | D:1      | Noticed a vine stalker
     6 | D:1      | Noticed a demigod
     8 | D:1      | Noticed a demonspawn
     8 | D:1      | Noticed an ogre
    10 | D:1      | Noticed a ghoul
    10 | D:1      | Noticed a felid
    12 | D:1      | Noticed a gargoyle
    12 | D:1      | Noticed a vampire
    14 | D:1      | Noticed an octopode
    14 | D:1      | Noticed a spriggan
    16 | D:1      | Noticed a minotaur
    16 | D:1      | Noticed a human
    18 | D:1      | Noticed a meteoran
    18 | D:1      | Noticed a naga
    20 | D:1      | Noticed a troll
    22 | D:1      | Noticed an elf
    22 | D:1      | Noticed a merfolk
    24 | D:1      | Noticed an armataur
    26 | D:1      | Noticed an elf
    26 | D:1      | Noticed an armataur
    74 | D:1      | Found Rabaled's Magic Scroll Emporium.
   153 | D:1      | Gained mutation: You regenerate a little health from kills.
                  | [demonic ancestry]
   153 | D:1      | Reached XP level 2. HP: 19/24 MP: 2/2
   805 | D:2      | Discovered your monstrous ancestry.
   805 | D:2      | Gained mutation: You have a pair of small antennae on your
                  | head. [demonic ancestry]
   805 | D:2      | Reached XP level 3. HP: 29/29 MP: 3/3
   923 | D:2      | Found a hazy altar of Hepliaklqana.
  1285 | D:3      | Mangled by an orc

Illustrated notes

Levels and vault maps discovered:
D:1:      kb_arrival_jail, layout_basic, serial_shops, shop
D:2:      layout_basic, basic_altar
D:3:      layout_basic, serial_shops, nicolae_shop_advertising_works
          [nicolae_subvault_shop_adworks], shop, shop, shop,
          shapermc_ecumenical_altar_hornbeckon, nrook_mini_backslash,
          minmay_misc_feat_x, uniq_robin

Skill      XL: |  1  2 |
---------------+-------+-----
Short Blades   | 2 |  2.5
Shields        | 3 |  3.2
Armour         | 3 |  3.2
Fighting       | |  3.0

Action                     || total
---------------------------++-------
  Melee: Rapier            ||   113
 Armour: Scale mail        ||    52
  Dodge: Dodged            ||    42
  Block: Buckler           ||    16
